 Dungeon Crawl Stone Soup version 0.18.1-50-g88ac8fd (webtiles) character file.

1536 kurovuster the Ducker (level 8, 0/49 HPs)
             Began as a Gargoyle Gladiator on Oct 22, 2016.
             Was an Initiate of Pakellas.
             Slain by a killer bee (1 damage)
             ... on level 7 of the Dungeon.
             The game lasted 00:52:56 (7935 turns).

kurovuster the Ducker (Gargoyle Gladiator)          Turns: 7935, Time: 00:52:57

Health: 0/49       AC: 12    Str: 31 (33) XL:     8   Next: 86%
Magic:  4/8        EV: 14    Int: 16 (18) God:    Pakellas [......]
Gold:   330        SH:  0    Dex:  9 (10) Spells: 1 memorised, 5 levels left

rFire  + . .     SeeInvis .     C - +1 glaive
rCold  . . .     Gourm    .     w - +1 robe of Lugonu's Condemnation {rPois MR- Str+5 Int+4}
rNeg   + . .     Faith    .     (shield currently unavailable)
rPois  ∞         Spirit   .     c - +2 helmet
rElec  +         Dismiss  .     R - +0 cloak
rCorr  .         Reflect  .     (no gloves)
SustAt .         Harm     .     (no boots)
MR     .....                    (no amulet)
Stlth  ++........               (no ring)
                                i - ring of fire

@: mighty, brilliant, flying, not resistant to hostile enchantments, unstealthy
A: cold resistance 1, negative energy resistance 1, electricity resistance,
strong 1, unbreathing, petrification resistance, rot immunity, AC +5
a: Renounce Religion


You were on level 7 of the Dungeon.
You worshipped Pakellas.
Pakellas was noncommittal.
You were not hungry.

You visited 2 branches of the dungeon, and saw 9 of its levels.

You collected 421 gold pieces.
You spent 91 gold pieces at shops.

Inventory:

Hand Weapons
 a - a +0 rapier
 C - a +1 glaive (weapon)
 L - a +2 hand axe of chopping
 Q - a +3 quarterstaff of chaos
Missiles
 d - 5 throwing nets
 q - 179 stones (quivered)
Armour
 b - a +0 leather armour
 c - a +2 helmet (worn)
 f - a +0 chain mail
 w - the +1 robe of Lugonu's Condemnation (worn) {rPois MR- Str+5 Int+4}
   (You found it on level 4 of the Dungeon)

   It affects your strength (+5).
   It affects your intelligence (+4).
   It protects you from poison.
   It affects your resistance to hostile enchantments.
 R - a +0 cloak (worn)
Jewellery
 g - a cursed ring of loudness {unknown}
 h - an uncursed ring of stealth
 i - a ring of fire (left hand)
 p - an uncursed ring of protection from fire {unknown}
 v - a +6 ring of strength {unknown}
 F - an uncursed ring of stealth
 H - an uncursed ring of fire
 N - an uncursed ring of poison resistance {unknown}
 S - an uncursed ring of ice {unknown}
Wands
 n - a wand of disintegration (13/24)
 K - a wand of polymorph (9/24)
Scrolls
 s - 7 scrolls of remove curse
 y - 2 scrolls of enchant armour
 D - 2 scrolls of enchant weapon
 E - a scroll of fear {unknown}
 G - 6 scrolls of identify
 M - a scroll of magic mapping
 O - a scroll of torment {unknown}
Potions
 e - 3 potions of mutation
 m - 3 potions of brilliance
 r - a potion of might
 x - a potion of lignification
 z - 2 potions of degeneration
 I - a potion of cure mutation {unknown}
Books
 u - a book of Death

   Spells                             Type                      Level
   a - Corpse Rot                     Necromancy                   2
   b - Sublimation of Blood           Necromancy                   2
   c - Agony                          Necromancy                   5
   d - Dispel Undead                  Necromancy                   5
   e - Excruciating Wounds            Charms/Necromancy            5
   f - Bolt of Draining               Conjuration/Necromancy       5
 A - a book of the Warp

   Spells                             Type                      Level
   a - Recall                         Summoning/Translocation      3
   b - Gell's Gravitas                Hexes/Translocation          3
   c - Force Lance                    Conjuration/Translocation    4
   d - Warp Weapon                    Charms/Translocation         5
   e - Summon Forest                  Summoning/Translocation      5
Comestibles
 t - 4 bread rations
 B - a meat ration
 P - 7 beef jerkies


   Skills:
 + Level 5.1 Fighting
 + Level 4.1 Short Blades
 + Level 3.3 Polearms
 + Level 2.1 Throwing
 + Level 3.8 Armour
 + Level 6.0 Dodging
 + Level 3.0 Stealth
 + Level 0.1 Necromancy


You had 5 spell levels left.
You knew the following spells:

 Your Spells              Type           Power        Failure   Level  Hunger
a - Corpse Rot            Necr           N/A          4%          2    ###....


Dungeon Overview and Level Annotations

Branches:
Dungeon (8/15)             Temple (1/1) D:6
   Lair: D:8-11

Altars:
Cheibriados
Dithmenos
Elyvilon
Makhleb
Okawaru
Pakellas
Qazlal
Ru
Sif Muna
Trog
Vehumet
Xom
Zin
The Shining One

Shops:
D:4 (


Innate Abilities, Weirdness & Mutations

You are resistant to torment.
Your stone body is resilient (AC +5).
You are immune to poison.
You resist negative energy.
You are resistant to electric shocks.
You can survive without breathing.
You are immune to petrification.
You are immune to rotting.
Your flesh is cold resistant.
Your muscles are strong. (Str +2)


Message History

It was a potion of brilliance.
You feel clever all of a sudden. The killer bee closely misses you.
The killer bee stings you but does no damage.
The killer bee closely misses you. x2
It was a potion of flight.
You feel very buoyant.
You fly up into the air.
The killer bee completely misses you. The killer bee misses you.
The killer bee stings you.
* * * LOW HITPOINT WARNING * * *
The killer bee closely misses you. The killer bee barely misses you.
The killer bee stings you but does no damage.
The killer bee stings you!
* * * LOW HITPOINT WARNING * * *
It was a potion of might.
You feel very mighty all of a sudden. The killer bee stings you.
You die...
Pakellas says: Good help is so hard to find these days!

#.# #.# ### #.#
#<# #.# #.# #.#
#.# #.# #.# #.#
#.##############.#
#..........@yyy..#
################.#
#.# ###


You could see 3 killer bees.

Vanquished Creatures
  Eustachio (D:6)
  A black bear (D:5)
  An ogre (D:7)
  2 centaurs
  A giant frog (D:6)
  A wyvern zombie (D:6)
  3 scorpions
  A jelly (D:6)
  2 crimson imps
  5 orc wizards
  2 hounds
  A centaur skeleton (D:6)
  2 orc priests (D:7)
  Crazy Yiuf (D:7)
  4 iguanas
  Natasha (thrice) (D:2)
  2 worker ants
  4 adders
  2 oozes
  An adder skeleton (D:4)
  2 worms
  3 giant geckos
  19 orcs
  3 ball pythons
  8 bats
  7 giant cockroaches
  5 goblins
  5 hobgoblins
  4 jackals (D:4)
  6 kobolds
  6 quokkas
  A giant gecko zombie (D:7)
  5 giant newts
  3 rats
117 creatures vanquished.

Notes
Turn   | Place    | Note
--------------------------------------------------------------
     0 | D:1      | kurovuster the Gargoyle Gladiator began the quest for the Orb.
     0 | D:1      | Reached XP level 1. HP: 12/12 MP: 1/1
   159 | D:1      | Reached XP level 2. HP: 16/18 MP: 2/2
   375 | D:1      | You fall through a shaft!
   707 | D:2      | Noticed Natasha
   708 | D:2      | Reached XP level 3. HP: 22/22 MP: 3/3
   722 | D:2      | Killed Natasha
  1048 | D:2      | Reached skill level 3 in Dodging
  1089 | D:2      | Noticed Natasha
  1103 | D:2      | Killed Natasha
  1103 | D:2      | Reached skill level 1 in Armour
  1103 | D:2      | Reached XP level 4. HP: 16/27 MP: 4/4
  1437 | D:2      | Noticed Natasha
  1447 | D:2      | Killed Natasha
  2079 | D:3      | Reached XP level 5. HP: 20/32 MP: 5/5
  2500 | D:3      | Learned a level 2 spell: Corpse Rot
  2678 | D:3      | Found a sacrificial altar of Ru.
  2751 | D:4      | Got a wizard robe
  2856 | D:4      | Reached XP level 6. HP: 23/37 MP: 6/6
  2857 | D:4      | Reached skill level 1 in Stealth
  3201 | D:4      | Found a bloodstained altar of Trog.
  3461 | D:4      | Reached skill level 4 in Dodging
  3566 | D:4      | Identified the +1 robe of Lugonu's Condemnation {rPois MR- Str+5 Int+4} (You found it on level 4 of the Dungeon)
  3614 | D:4      | Found Kamonack's Weapon Boutique.
  3664 | D:4      | Bought a +0 glaive for 91 gold pieces
  3799 | D:4      | Reached XP level 7. HP: 38/41 MP: 7/7
  4087 | D:5      | Entered Level 5 of the Dungeon
  4330 | D:5      | Noticed a hungry ghost
  4950 | D:6      | Reached skill level 1 in Polearms
  5111 | D:6      | Found a shimmering altar of Xom.
  5237 | D:6      | Found a shadowy altar of Dithmenos.
  5304 | D:6      | Reached skill level 5 in Dodging
  5561 | D:6      | Reached XP level 8. HP: 46/48 MP: 8/8
  5681 | D:6      | Found a white marble altar of Elyvilon.
  5837 | D:6      | Noticed Eustachio
  5989 | D:6      | Gained mutation: Your muscles are strong. (Str +2) [potion of mutation]
  5989 | D:6      | Gained mutation: Your flesh is cold resistant. [potion of mutation]
  5999 | D:6      | Killed Eustachio
  6183 | D:6      | Found a staircase to the Ecumenical Temple.
  6193 | Temple   | Entered the Ecumenical Temple
  6597 | Temple   | Became a worshipper of Pakellas the Inventive
  7089 | D:7      | Found a glowing silver altar of Zin.
  7233 | D:7      | Noticed Crazy Yiuf
  7239 | D:7      | Killed Crazy Yiuf
  7345 | D:7      | Found a burning altar of Makhleb.
  7345 | D:7      | Found a stormy altar of Qazlal.
  7430 | D:7      | Reached skill level 5 in Fighting
  7501 | D:7      | Found a glowing golden altar of the Shining One.
  7509 | D:7      | Reached skill level 6 in Dodging
  7934 | D:7      | HP: 1/49 [killer bee (7)]
  7935 | D:7      | Slain by a killer bee

Skill      XL: |  1  2  3  4  5  6  7  8 |
---------------+-------------------------+-----
Short Blades   | 3 4 |  4.1
Dodging        | 3 4 5 6 |  6.0
Armour         | 1 2 3 |  3.8
Fighting       | 3 4 5 |  5.1
Stealth        | 1 3 |  3.0
Polearms       | 1 3 |  3.3
Throwing       | 2 |  2.1
Necromancy     | |  0.1

Action                   |  1- 3 |  4- 6 |  7- 9 || total
-------------------------+-------+-------+-------++-------
Melee: Rapier            |    69 |   289 |       ||   358
       Glaive            |       |    15 |   216 ||   231
       Unarmed           |       |       |     2 ||     2
Throw: Stone             |       |       |     7 ||     7
 Cast: Corpse Rot        |       |       |     2 ||     2
  Use: Scroll            |     6 |       |    13 ||    19
       Potion            |       |       |    15 ||    15
 Stab: Sleeping          |       |     1 |     1 ||     2
       Paralysed         |       |     1 |       ||     1
  Eat: Chunk             |       |     2 |       ||     2
       Bread ration      |       |     1 |     2 ||     3
       Meat ration       |       |     1 |     1 ||     2
Armor: Leather armour    |    40 |    28 |       ||    68
       Chain mail        |       |   196 |       ||   196
       Robe              |       |     6 |   146 ||   152
       Skin              |       |       |    31 ||    31
Dodge: Dodged            |    48 |   147 |   302 ||   497
